 Dungeon Sprint DCSS version 0.17-a0-1714-g35622ae (webtiles) character file.

96 patman the Ducker (level 4, 32/39 HPs)
             Began as a Naga Assassin on Aug 23, 2015.
             Quit the game in the Dungeon (Sprint IX: "|||||||||||||||||||||||||||||").
             The game lasted 00:02:24 (313 turns).

patman the Ducker (Naga Assassin)                    Turns: 313, Time: 00:02:24

Health: 32/39      AC:  3    Str: 16    XL:     4   Next: 67%
Magic:  4/4        EV: 13    Int: 15    God:
Gold:   0          SH:  0    Dex: 13    Spells: 0 memorised, 3 levels left

rFire  . . .     SeeInvis +     r - +5 captain's cutlass {speed, disarm}
rCold  . . .     Clarity  .     c - +0 robe
rNeg   . . .     SustAt   .     (no shield)
rPois  +         Gourm    .     (no helmet)
rElec  .         Spirit   .     d - +0 cloak
rCorr  .         Warding  .     (no gloves)
rMut   .         NoTele   +     (no barding)
MR     .....                    (no amulet)
Stlth  +++.......               t - +3 ring of strength
                                s - +3 ring of intelligence

@: very slow, not resistant to hostile enchantments, fairly stealthy
A: see invisible, deformed body, poison resistance, slowness 2, slow metabolism
1, spit poison 2, AC +1
a: Spit Poison


You were in the Dungeon.
You were not hungry.

You visited 1 branch

Inventory:

Hand weapons
 a - a +2 dagger
 b - a +0 blowgun
 r - the +5 captain's cutlass (weapon) {speed, disarm}
   (You found it in the Dungeon)

   Attacks with this weapon are significantly faster.
Missiles
 e - 8 poisoned needles
 f - 2 curare-tipped needles
Armour
 c - a +0 robe (worn)
 d - a +0 cloak (worn)
 u - a +1 chain mail
 v - a +0 pair of gloves
Jewellery
 s - a +3 ring of intelligence (left hand)
 t - a +3 ring of strength (right hand)
Magical devices
 q - a wand of cold (7)
Scrolls
 m - 2 scrolls of blinking
 o - 3 scrolls of remove curse
 p - 2 scrolls of amnesia
Potions
 i - a potion of invisibility
 j - a potion of haste
 k - 4 potions of magic
 l - 2 potions of heal wounds
 n - 4 potions of curing
Comestibles
 g - a bread ration
 h - a chunk of flesh


   Skills:
 - Level 2.0 Fighting
 - Level 2.0 Short Blades
 - Level 1.7 Throwing
 + Level 7.3 Dodging
 - Level 5.8 Stealth


You had 3 spell levels left.
You didn't know any spells.

Dungeon Overview and Level Annotations

Branches:
Dungeon (1/1)

Altars:
Cheibriados
Dithmenos
Elyvilon
Fedhas
Gozag
Kikubaaqudgha
Makhleb
Nemelex Xobeh
Okawaru
Qazlal
Ru
Sif Muna
Trog
Vehumet
Xom
Yredelemnul
Zin
The Shining One
Beogh
Jiyva
Lugonu


Innate Abilities, Weirdness & Mutations

You cannot wear boots.
Your serpentine skin is tough (AC +1).
You have supernaturally acute eyesight.
Armour fits poorly on your strangely shaped body.
Your system is resistant to poisons.
You cover ground very slowly.
You have a slow metabolism.
You can spit poison.


Message History

There is a blossoming altar of Fedhas here.
There is a corrupted altar of Lugonu here.
There is a viscous altar of Jiyva here.
There is a roughly hewn altar of Beogh here.
There is a white marble altar of Elyvilon here.
There is a sparkling altar of Nemelex Xobeh here.
There is a bloodstained altar of Trog here.
There is a deep blue altar of Sif Muna here.
There is a burning altar of Makhleb here.
There is an iron altar of Okawaru here.
There is a radiant altar of Vehumet here.
There is an iron altar of Okawaru here.
There is a burning altar of Makhleb here.
There is a deep blue altar of Sif Muna here.
There is a bloodstained altar of Trog here.
There is a sparkling altar of Nemelex Xobeh here.
There is a white marble altar of Elyvilon here.
There is a roughly hewn altar of Beogh here.
There is a viscous altar of Jiyva here.
Are you sure you want to abandon this character and quit the game? (Confirm with "yes".)

▓_▓
▓_▓
▓_▓
▓_▓
▓_▓
▓_▓
▓_▓
▓_▓
▓@▓
▓_▓
▓_▓
▓_▓
▓_▓
▓_▓
▓_▓
▓_▓
▓'▓


There were no monsters in sight!

Vanquished Creatures
  A scorpion (D)
  A hound (D)
  An adder zombie (D)
  An adder skeleton (D)
  A ball python (D)
  A bat skeleton (D)
  A jackal (D)
  A goblin (D)
  2 rats (D)
10 creatures vanquished.

Notes
Turn   | Place    | Note
--------------------------------------------------------------
     0 | D        | patman the Naga Assassin began the quest for the Orb.
     0 | D        | Reached XP level 1. HP: 19/19 MP: 1/1
     7 | D        | Reached skill level 1 in Dodging
   161 | D        | Noticed a scorpion
   161 | D        | Noticed a hound
   171 | D        | Reached XP level 2. HP: 26/26 MP: 2/2
   176 | D        | Killed a scorpion
   176 | D        | Reached skill level 6 in Dodging
   176 | D        | Reached XP level 3. HP: 32/32 MP: 3/3
   176 | D        | Reached XP level 4. HP: 39/39 MP: 4/4
   194 | D        | Killed a hound
   194 | D        | Reached skill level 7 in Dodging
   209 | D        | Found a glowing silver altar of Zin.
   209 | D        | Found a glowing golden altar of the Shining One.
   209 | D        | Found an ancient bone altar of Kikubaaqudgha.
   209 | D        | Found a basalt altar of Yredelemnul.
   209 | D        | Found a shimmering altar of Xom.
   209 | D        | Found a radiant altar of Vehumet.
   210 | D        | Found an iron altar of Okawaru.
   211 | D        | Found a burning altar of Makhleb.
   212 | D        | Found a deep blue altar of Sif Muna.
   213 | D        | Found a bloodstained altar of Trog.
   214 | D        | Found a sparkling altar of Nemelex Xobeh.
   215 | D        | Found a white marble altar of Elyvilon.
   216 | D        | Found a roughly hewn altar of Beogh.
   217 | D        | Found a viscous altar of Jiyva.
   218 | D        | Found a corrupted altar of Lugonu.
   219 | D        | Found a blossoming altar of Fedhas.
   220 | D        | Found a snail-covered altar of Cheibriados.
   221 | D        | Found a shadowy altar of Dithmenos.
   222 | D        | Found a stormy altar of Qazlal.
   223 | D        | Found an opulent altar of Gozag.
   224 | D        | Found a sacrificial altar of Ru.
   313 | D        | Quit the game

Vault maps used:
D:        linesprint

Action                   |  1- 3 |  4- 6 || total
-------------------------+-------+-------++-------
Melee: Dagger            |    28 |    16 ||    44
 Abil: Spit Poison       |     1 |       ||     1
  Use: Potion            |     3 |       ||     3
 Stab: Sleeping          |     1 |       ||     1
